Description

Hi. Let me know if legit build or not, and if SC2 is broken and needs fixing AGAIN

VOD

https://lotv.spawningtool.com/37853/

Replay - Redshift LE (39)

Build Order

Get SALT Encoding   

  12  0:01  SCV  
  13  0:16  Supply Depot  
  13  0:18  SCV  
  14  0:30  SCV  
  15  0:37  Refinery  
  15  0:41  Barracks  
  15  0:44  SCV  
  16  0:53  Refinery  
  16  0:58  SCV  
  17  1:10  SCV  
  18  1:22  SCV  
  19  1:32  Factory  
  19  1:36  SCV  
  20  1:45  Barracks Reactor  
  20  1:49  Orbital Command  
  20  2:00  Factory  
  20  2:13  Supply Depot  
  20  2:27  SCV  
  21  2:34  Cyclone  
  24  2:39  Supply Depot  
  24  2:40  SCV  
  24  2:42  Cyclone  
  29  3:01  Reaper  
  30  3:07  Starport  
  30  3:15  Hellion x2  
  37  3:33  Cyclone  
  38  3:49  Supply Depot x2  
  38  3:53  Liberator  
  38  4:11  Hellion  
  41  4:28  Cyclone x2  
  41  4:39  Liberator  
  46  5:16  Command Center  
  41  6:07  Liberator  
  41  6:17  Cyclone x2  
  48  6:57  Cyclone x3  
  48  6:59  Orbital Command  
  46  7:02  Refinery  
  50  7:31  Refinery  
  50  7:37  Command Center  
  58  8:00  Viking  
  69  9:06  Orbital Command  
  69  9:10  Viking  
  69  9:40  Starport  
  69  9:54  Refinery x2  
Spawning Tool Build Advisor. Get it on Overwolf

Go to:

Details

  • Created by: AdAstra
  • Published on: May 28, 2018
  • Modified on: May 28, 2018
  • Patch: 4.0.0
Show
View Real Time Build Order
Export as new Build Order

Comments (0)

There are no comments. Be the first!

Create an account to comment!